 Dungeon Crawl Stone Soup version 0.20.0-15-g7f486f2 (webtiles) character file.

60 Starchild the Grave Robber (level 3, -2/24 HPs)
             Began as a Vampire Necromancer on June 17, 2017.
             Slain by an ooze (4 damage)
             ... on level 2 of the Dungeon.
             The game lasted 00:09:12 (1656 turns).

Starchild the Grave Robber (Vampire Necromancer)    Turns: 1656, Time: 00:09:13

Health: -2/24      AC:  2    Str:  7    XL:     3   Next: 80%
Magic:  0/6        EV: 12    Int: 18    God:
Gold:   96         SH:  0    Dex: 14    Spells: 5/6 levels left

rFire    . . .     SeeInvis +   j - +0 dagger
rCold    + . .     Gourm    .   (no shield)
rNeg     + + .     Faith    .   a - +0 robe
rPois    +         Spirit   .   o - -2 helmet (curse)
rElec    .         Reflect  .   (no cloak)
rCorr    .         Harm     .   (no gloves)
MR       .....                  f - +0 pair of boots
Stlth    +++.......             (no amulet)
Regen    0.1/turn               i - ring of loudness (curse)
MPRegen  0.1/turn               q - ring of stealth

@: regenerating slowly
A: fangs 3, see invisible, unbreathing
a: Bat Form


You were on level 2 of the Dungeon.
You were very thirsty.

You visited 1 branch of the dungeon, and saw 2 of its levels.

You collected 96 gold pieces.

Inventory:

Hand Weapons
 j - a +0 dagger (weapon)
Missiles
 s - 4 needles of sleeping
Armour
 a - a +0 robe (worn)
 f - a +0 pair of boots (worn)
 o - a cursed -2 helmet (worn)
Jewellery
 i - a cursed ring of loudness (left hand)
 q - a ring of stealth (right hand)
Scrolls
 d - 2 scrolls of magic mapping {unknown}
 e - a scroll of fog {unknown}
 g - 2 scrolls of amnesia {unknown}
 k - 2 scrolls of identify {unknown}
 l - a scroll of fear {unknown}
 m - a scroll of recharging {unknown}
 n - a scroll of teleportation {unknown}
 p - a scroll of remove curse {unknown}
Potions
 c - 17 potions of blood
 h - a potion of brilliance {unknown}
 r - a potion of haste {unknown}
 t - a potion of heal wounds {unknown}
Books
 b - a book of Necromancy

   Spells                             Type                      Level
   a - Pain                           Necromancy                   1
   b - Animate Skeleton               Necromancy                   1
   c - Vampiric Draining              Necromancy                   3
   d - Regeneration                   Charms/Necromancy            3
   e - Animate Dead                   Necromancy                   4
   f - Control Undead                 Necromancy                   4


   Skills:
 - Level 2.1 Dodging
 - Level 3.0 Stealth
 - Level 2.0 Spellcasting
 + Level 6.0 Necromancy


You had 5 spell levels left.
You knew the following spells:

 Your Spells              Type           Power        Failure   Level  Hunger
a - Pain                  Necr           ###.         1%          1    #......


Dungeon Overview and Level Annotations

Branches:
Dungeon (2/15)

Altars:


Innate Abilities, Weirdness & Mutations

You heal slowly.
You have razor-sharp teeth.
You have supernaturally acute eyesight. (SInv)
You can survive without breathing.


Message History

There is an open gate here.
The ooze misses you.
Things that are here:
a whip; 4 stones; a kobold skeleton You see here a stone.
Casting: Pain
Confirm with . or Enter, or press ? or * to list all spells.
Aiming: Pain
Press: ? - help, Shift-Dir - straight line, f/p - ooze
Aim: an ooze (chance to defeat MR: 83%)
The ooze writhes in agony!
The ooze hits you.
* * * LOW HITPOINT WARNING * * *
Casting: Pain
Confirm with . or Enter, or press ? or * to list all spells.
Aiming: Pain
Press: ? - help, Shift-Dir - straight line, f/p - ooze
Aim: an ooze (heavily wounded, chance to defeat MR: 83%)
The ooze barely resists.
The ooze hits you.
You die...

#.## #.......# ##.## ...##
#.......# #.#
....#####.......# #.#
.......###.....#############.#
....#### ##...####...........#
....# ##'''###.############
#.#.# #.(...##.#
#.#.#######))####.#
#.............(J@.#
#.#.############### #.#.#
..#.# ###.# #.# ..# ###


You could see an ooze.

Vanquished Creatures
  2 oozes (D:2)
  4 dart slugs
  A leopard gecko (D:1)
  A ball python (D:2)
  3 giant cockroaches
  3 goblins
  7 hobgoblins
  A quokka (D:2)
  4 bats
  2 frilled lizards (D:2)
  11 kobolds
  A rat (D:1)
40 creatures vanquished.

Vanquished Creatures (others)
  8 toadstools (D:2)
8 creatures vanquished.

Grand Total: 48 creatures vanquished

Notes
Turn   | Place    | Note
-------+----------+-------------------------------------------
     0 | D:1      | Starchild the Vampire Necromancer began the quest for the Orb.
     0 | D:1      | Reached XP level 1. HP: 13/13 MP: 3/3
   185 | D:1      | Reached XP level 2. HP: 7/19 MP: 0/5
   270 | D:1      | Reached skill level 5 in Necromancy
   978 | D:2      | Reached XP level 3. HP: 6/24 MP: 3/6
  1640 | D:2      | Reached skill level 6 in Necromancy
  1656 | D:2      | Slain by an ooze

Skill      XL: |  1  2  3 |
---------------+----------+-----
Necromancy     | 5 6 |  6.0
Dodging        | |  2.1
Stealth        | |  3.0
Spellcasting   | |  2.0

Action                   || total
-------------------------++-------
Melee: Dagger            ||    29
       Bite              ||     2
 Cast: Pain              ||    64
 Stab: Sleeping          ||     2
  Eat: Corpse            ||     1
Armor: Robe              ||     6
Dodge: Dodged            ||    23
